 Dungeon Crawl Stone Soup version 0.32-a0-872-g59262bdc9b (webtiles) character file.

Game seed: 17891626776556543798

730 601d51SH the Covered (level 7, -9/54 HPs)
             Began as a Human Fighter on Mar 30, 2024.
             Killed by divine providence
             ... invoked by an orc priest
              (13 damage)
             ... on level 5 of the Dungeon.
             The game lasted 00:13:31 (3922 turns).

601d51SH the Covered (Human Fighter)                Turns: 3922, Time: 00:13:34

Health: -9/54      AC:  9    Str: 20      XL:     7   Next: 73%
Magic:  7/7        EV:  9    Int:  9      God:
Gold:   223        SH:  5    Dex: 16 (18) Spells: 6/6 levels left

rFire   . . .        l - +4 mace
rCold   . . .        c - +0 buckler
rNeg    . . .        b - +0 scale mail
rPois   .            A - +0 helmet
rElec   .            F - +0 cloak
rCorr   .            (no gloves)
SInv    .            (no boots)
Will    +....        (no amulet) Stlth
                     w - ring of Galaji Wusung {Will+ Str+2}
HPRegen 0.29/turn    D - +6 ring of dexterity
MPRegen 0.10/turn

%: no passive effects
@: about to teleport
A: explore regen
a: Convert to Beogh


You were on level 5 of the Dungeon.
You visited 1 branch of the dungeon, and saw 5 of its levels.

You collected 223 gold pieces.

Inventory:

Hand Weapons
 a - a +0 long sword
 l - a +4 mace (weapon)
 y - a +0 long sword of holy wrath
 B - a +1 dagger of venom
 C - a +2 dagger of holy wrath
 E - a +3 quarterstaff of chaos
Missiles
 d - 12 stones
 e - 4 poisoned darts
 t - 8 javelins
 u - 5 boomerangs (quivered)
Armour
 b - a +0 scale mail (worn)
 c - a +0 buckler (worn)
 A - a +0 helmet (worn)
 F - a +0 cloak (worn)
Jewellery
 v - a ring of poison resistance
 w - the ring of Galaji Wusung (left hand) {Will+ Str+2}
   (You found it on level 3 of the Dungeon)

   [ring of willpower]

   Str+2:     It affects your strength (+2).
   Will+:     It increases your willpower.
 D - a +6 ring of dexterity (right hand)
Scrolls
 g - a scroll of torment {unknown}
 h - 4 scrolls of teleportation
 j - a scroll of fog {unknown}
 m - a scroll of butterflies {unknown}
 n - 2 scrolls of enchant weapon {unknown}
 o - 2 scrolls of revelation {unknown}
 p - 3 scrolls of immolation {unknown}
 r - 2 scrolls of identify {unknown}
 s - a scroll of blinking {unknown}
Potions
 f - a potion of degeneration
 i - a potion of magic {unknown}
 k - a potion of ambrosia {unknown}
 q - a potion of enlightenment
 x - 2 potions of heal wounds {unknown}
 z - a potion of haste {unknown}


   Skills:
 + Level 4.1 Fighting
 - Level 2.6 Long Blades
 * Level 4.6 Maces & Flails
 + Level 0.7 Throwing
 + Level 5.2 Armour
 + Level 2.3 Dodging
 + Level 3.7 Shields


You had 6 spell levels left.
You didn't know any spells.
Your spell library contained the following spells:

 Spells                   Type           Power      Damage    Failure   Level
 Kiss of Death            Conj/Necr      0%         2d5       80%         1
 Momentum Strike          Conj/Tloc      0%         3d8       90%         2
 Confusing Touch          Hex            0%         N/A       99%         3
 Inner Flame              Hex/Fire       0%         N/A       99%         3
 Dispel Undead            Necr           0%         3d6       100%        4
 Silence                  Hex/Air        0%         N/A       100%        5


Dungeon Overview and Level Annotations

Branches:
Dungeon (5/15)
 Temple: D:4-7

Altars:
Fedhas
Yredelemnul

Shops:
D:3 :


Innate Abilities, Weirdness & Mutations

You regain HP and MP as you explore.


Message History

Press: ? - help, Q - select action, (/) - cycle Shift-Dir - straight line, f/p - orc priest
Aim: an orc priest, wielding a +0 club (59% to hit)
You throw a boomerang. The boomerang hits the orc priest.
The orc priest is lightly wounded.
The orc priest calls upon Beogh to heal the orc priest.
The orc priest's wounds heal themselves!
The orc priest looks braver for a moment.
You sock the orc priest!
The orc priest is heavily wounded.
You block the orc priest's attack.
You sock the orc priest!
The orc priest is almost dead.
The orc priest miscasts a cantrip.
You thump the orc priest!
You kill the orc priest!
The orc priest hits you with a +0 club.
You hit the orc priest.
The orc priest is lightly wounded.
The orc priest miscasts a cantrip.
The orc priest invokes the aid of Beogh against you.
Beogh smites you!
The orc priest hits you but does no damage.
The orc priest begins to cast a cantrip, but forgets the words!
The orc priest shouts, "Surrender to Beogh and we'll let you live!"
The orc priest shouts, "The Pantheon deserves no one's loyalty.
Let us show you the true path!" (press Y on the ability menu to convert to Beogh)
As you read the scroll of teleportation, it crumbles to dust.
You feel strangely unstable.
The orc priest mumbles some strange prayers to Beogh against you.
Beogh smites you!
* * * LOW HITPOINT WARNING * * *
The orc priest barely misses you.
The orc priest calls down the wrath of Beogh upon you.
Beogh smites you!
* * * LOW HITPOINT WARNING * * *
The orc priest attacks as it pursues you!
The orc priest barely misses you.
The orc priest mumbles some strange prayers to Beogh against you.
Beogh smites you!
You die...

#...#
###.###.#
#.#..o.o#.###
#.###.#o#...#
#...#.#.....#
#..###.....#
#.....o....##
#....)ooo...#
##....@....#.#
##........#
#.......##
##.<..###
######


You could see 7 orc priests.

Vanquished Creatures
  Sigmund (D:3)
  Duvessa (D:4)
  A phantom (D:4)
  Dowan (D:4)
  The ghost of jestert79 the Slasher, a weakling DsWr of Gozag (D:3)
  A hound (D:3)
  2 quasits (D:3)
  An orc priest (D:5)
  Crazy Yiuf (D:4)
  An orc wizard (D:3)
  Robin (D:3)
  2 adders
  3 dart slugs
  8 orcs (D:3)
  6 ball pythons
  6 endoplasms
  A giant cockroach (D:3)
  21 goblins
  7 hobgoblins
  5 jackals
  7 bats
  3 frilled lizards
  5 kobolds
  2 rats
88 creatures vanquished.

Notes
Turn   | Place    | Note
-------+----------+-------------------------------------------
     0 | D:1      | 601d51SH the Human Fighter began the quest for the Orb.
     0 | D:1      | Reached XP level 1. HP: 18/18 MP: 1/1
   235 | D:1      | Reached XP level 2. HP: 15/24 MP: 2/2
   849 | D:2      | Reached XP level 3. HP: 29/29 MP: 3/3
  1116 | D:2      | Got the Handbook of Skepticism
  1575 | D:3      | Identified the ring of Galaji Wusung {Will+ Str+2}
  1584 | D:3      | Found a transporter.
  1593 | D:3      | Found a transporter.
  1601 | D:3      | Noticed jestert79's ghost (weakling DsWr)
  1658 | D:3      | Noticed Sigmund
  1679 | D:3      | Killed Sigmund
  1680 | D:3      | Reached skill level 4 in Armour
  1680 | D:3      | Reached skill level 1 in Dodging
  1680 | D:3      | Reached XP level 4. HP: 5/37 MP: 4/4
  1680 | D:3      | Reached XP level 5. HP: 6/42 MP: 5/5
  1952 | D:3      | Found Bory's Vocational Training.
  1972 | D:3      | Reached XP level 6. HP: 45/48 MP: 6/6
  1993 | D:3      | Noticed Robin
  2021 | D:3      | Killed Robin
  2744 | D:3      | Killed jestert79's ghost
  2811 | D:4      | Noticed Duvessa
  2811 | D:4      | Noticed Dowan
  3043 | D:4      | Found a basalt altar of Yredelemnul.
  3095 | D:4      | Found a runed translucent door.
  3096 | D:4      | Noticed Crazy Yiuf
  3110 | D:4      | Killed Crazy Yiuf
  3111 | D:4      | Reached XP level 7. HP: 15/54 MP: 7/7
  3266 | D:4      | Killed Duvessa
  3267 | D:4      | Reached skill level 5 in Armour
  3389 | D:4      | Found a blossoming altar of Fedhas.
  3517 | D:4      | Killed Dowan
  3908 | D:5      | Entered Level 5 of the Dungeon
  3922 | D:5      | Killed from afar by an orc priest

Illustrated notes

Levels and vault maps discovered:
D:1:      tarquinn_simple_flora_water_e, layout_loops_ring, minivault_23,
          hangedman_decor_diamond_cutter
D:2:      layout_loops_ring
D:3:      layout_loops_corners, serial_forest, infiniplex_forest_zigzag_2,
          infiniplex_forest_corner_1, infiniplex_forest_clump_long,
          infiniplex_forest_clump_large, infiniplex_forest_straight_3,
          infiniplex_forest_join, infiniplex_forest_clump_diagonal,
          infiniplex_forest_clump_curved, gammafunk_ghost_stat_death,
          nicolae_shop_vocational, uniq_sigmund, uniq_robin
D:4:      layout_cave_pools, mainiacjoe_overflow_concentric_impassable,
          yredelemnul_altar_generic, uniq_duvessa, uniq_crazy_yiuf_cottage
D:5:      layout_cave_pods, lemuel_coloured_pillars_altar,
          minmay_a_box_with_orc_wizards_in_it

Skill      XL: |  1  2  3  4  5  6  7 |
---------------+----------------------+-----
Maces & Flails | 2 3 4 |  4.6
Armour         | 4 5 |  5.2
Dodging        | 1 2 |  2.3
Fighting       | 4 |  4.1
Long Blades    | |  2.6
Throwing       | |  0.7
Shields        | |  3.7

Action                     |  1- 3 |  4- 6 |  7- 9 || total
---------------------------+-------+-------+-------++-------
  Melee: Long sword        |   117 |       |       ||   117
         Mace              |    16 |   135 |    48 ||   199
  Throw: Stone             |     6 |       |       ||     6
         Boomerang         |       |     2 |     9 ||    11
    Use: Potion            |     3 |       |       ||     3
         Scroll            |       |       |     2 ||     2
 Armour: Scale mail        |   127 |   167 |    36 ||   330
  Dodge: Dodged            |    72 |    78 |    24 ||   174
  Block: Buckler           |    38 |    38 |    13 ||    89

Table legend: (Time is in decaauts)
 A = Elapsed time spent in this place.
 B = Non-inter-level travel time spent in this place.
 C = Inter-level travel time spent in this place.
 D = Time resting spent in this place.
 E = Time spent auto-exploring this place.
 F = Levels seen in this place.
 G = Mean time per level.
                   A        B        C        D        E       F      G
               +--------+--------+--------+--------+--------+-----+--------+
         Total |   4021 |   3667 |    354 |    118 |   1977 |   5 |  804.2 |
       Dungeon |   4021 |   3667 |    354 |    118 |   1977 |   5 |  804.2 |
               +--------+--------+--------+--------+--------+-----+--------+

Top non-repeatable levels by time:
     D:3: 1463 daAuts
     D:4: 965 daAuts
     D:1: 861 daAuts
     D:2: 714 daAuts
     D:5: 15 daAuts
